 Dungeon Crawl Stone Soup version 0.22.1-1-ga44c0e5 (webtiles) character file.

462 Folque the Sneak (level 7, -2/45 HPs)
             Began as an Octopode Wizard on Oct 6, 2018.
             Killed from afar by a hobgoblin zombie (10 damage)
             ... with an exploding inner flame
             ... hexed by the player character
             ... in an ossuary.
             The game lasted 00:16:16 (3761 turns).

Folque the Sneak (Octopode Wizard)                  Turns: 3761, Time: 00:16:17

Health: -2/45      AC:  1    Str:  6    XL:     7   Next: 7%
Magic:  3/13       EV: 14    Int: 22    God:
Gold:   199        SH:  0    Dex: 11    Spells: 6/14 levels left

rFire    . . .     SeeInvis .   n - +0 hunting sling
rCold    . . .     Gourm    .   (no shield)
rNeg     . . .     Faith    .   a - +0 hat
rPois    .         Spirit   .   (no amulet)
rElec    .         Reflect  .   (no ring)
rCorr    .         Harm     .   (no ring)
MR       .....                  (no ring)
Stlth    ++++......             (no ring)
HPRegen  0.15/turn              (no ring)
MPRegen  0.13/turn              (no ring)
                                (no ring)
                                (no ring)

@: no status effects
A: almost no armour, stealthy swim, amphibious, 8 rings, constrict 8, camouflage
1, gelatinous body 1
a: no special abilities


You were in an ossuary.
You were hungry.

You visited 1 branch of the dungeon, and saw 4 of its levels.
You also visited: Ossuary.

You collected 199 gold pieces.

Inventory:

Hand Weapons
 h - a +0 spear
 n - a +0 hunting sling (weapon)
 o - a +0 short sword
Missiles
 e - 33 sling bullets (quivered)
Armour
 a - a +0 hat (worn)
Jewellery
 r - an uncursed amulet of rage {unknown}
 w - an uncursed amulet of harm {unknown}
Wands
 l - a wand of paralysis (10)
 p - a wand of polymorph (11)
 q - a wand of random effects (17)
Scrolls
 b - 2 scrolls of amnesia {unknown}
 d - 6 scrolls of remove curse {unknown}
 g - 3 scrolls of immolation
 k - 4 scrolls of identify {unknown}
 t - a scroll of blinking {unknown}
 u - a scroll of teleportation {unknown}
Potions
 f - 3 potions of might {unknown}
 i - a potion of brilliance {unknown}
 j - a potion of flight {unknown}
 s - a potion of heal wounds {unknown}
 v - a potion of curing {unknown}
Comestibles
 c - 7 rations
 m - 2 chunks of flesh


   Skills:
 - Level 2.0 Fighting
 + Level 0.0 Slings
 - Level 3.0 Dodging
 + Level 5.4 Stealth
 - Level 4.0 Spellcasting
 + Level 2.3 Conjurations
 - Level 1.0 Summonings
 - Level 1.0 Translocations
 - Level 2.2 Air Magic
 - Level 3.1 Poison Magic


You had 6 spell levels left.
You knew the following spells:

 Your Spells              Type           Power        Failure   Level  Hunger
a - Magic Dart            Conj           ##..         4%          1    None
b - Call Imp              Summ           #.......     11%         2    #......
c - Blink                 Tloc           N/A          11%         2    #......
d - Mephitic Cloud        Conj/Pois/Air  ###.....     12%         3    ###....

Your spell library contained the following spells:

 Spells                   Type           Power        Failure   Level  Hunger
 Slow                     Hex            #.......     17%         2    #......
 Conjure Flame            Conj/Fire      #.......     21%         3    ###....


Dungeon Overview and Level Annotations

Branches:
Dungeon (4/15)
 Temple: D:4-7

Altars:
Gozag
Zin


Innate Abilities, Weirdness & Mutations

You cannot wear most types of armour.
You are very stealthy in the water. (Stealth+)
You are amphibious.
You can wear up to eight rings at the same time.
You can use your tentacles to constrict eight enemies at once.
Your skin changes colour to match your surroundings (Stealth+).
Your rubbery body absorbs attacks. (AC +1, EV +1)


Message History

Firing (i - inventory)
e - 33 sling bullets (quivered)
Press: ? - help, Shift-Dir - straight line, f/p - mummy
Aim: a mummy (almost destroyed, inner flame)
You shoot a sling bullet.
The sling bullet barely misses the mummy.
The sling bullet hits the mummy.
The mummy explodes!
The fiery explosion engulfs the mummy.
The mummy is burned terribly!
The mummy explodes!
The fiery explosion engulfs you!
Ouch! That really hurt!
* * * LOW HITPOINT WARNING * * *
The fiery explosion engulfs the mummy.
The mummy is burned terribly!
The mummy explodes!
The fiery explosion engulfs the orc zombie.
The orc zombie explodes!
The fiery explosion engulfs the hobgoblin zombie.
The hobgoblin zombie explodes!
The fiery explosion engulfs you!
You die...

.# .M #### ...
.... ##@M## ....
....##§§§Z##....
.....§§§§§§.....
......§§Z§§.....
#......M.(.....#
#+##...Z.(..##+#
##.....(##
##....## #...(#


You could see 2 mummies, a gnoll zombie (inner flame) and 2 kobold zombies.

Vanquished Creatures
  Sigmund (D:2)
  An ogre (D:4)
  A howler monkey (D:4)
  A hound (D:4)
  Terence (D:2)
  A mummy (D:4)
  An ooze (D:2)
  2 worms
  4 dart slugs
  A leopard gecko (D:2)
  An orc (D:3)
  6 giant cockroaches
  9 goblins
  12 hobgoblins
  5 jackals (D:1)
  A quokka (D:3)
  13 bats
  3 frilled lizards
  5 kobolds
  3 rats (D:3)
72 creatures vanquished.

Vanquished Creatures (collateral kills)
  A bullfrog skeleton (D:4)
  An iguana (D:4)
  2 adders
  2 worms (D:3)
  A gnoll zombie (Ossuary)
  A hobgoblin (D:3)
  5 jackals
  A hobgoblin zombie (Ossuary)
  2 kobolds (D:2)
  A kobold zombie (Ossuary)
  A rat (D:2)
18 creatures vanquished.

Grand Total: 90 creatures vanquished

Notes
Turn   | Place    | Note
-------+----------+-------------------------------------------
     0 | D:1      | Folque the Octopode Wizard began the quest for the Orb.
     0 | D:1      | Reached XP level 1. HP: 11/11 MP: 4/4
   139 | D:1      | Reached skill level 1 in Fighting
   139 | D:1      | Reached XP level 2. HP: 16/18 MP: 6/6
   594 | D:1      | Learned a level 2 spell: Call Imp
   597 | D:1      | Learned a level 2 spell: Blink
   615 | D:1      | Reached XP level 3. HP: 16/23 MP: 2/7
   624 | D:1      | Learned a level 3 spell: Mephitic Cloud
  1528 | D:2      | You fall through a shaft!
  1561 | D:3      | Reached skill level 1 in Poison Magic
  1645 | D:3      | Reached XP level 4. HP: 25/29 MP: 7/9
  1761 | D:2      | Noticed Sigmund
  2065 | D:2      | Found an opulent altar of Gozag.
  2182 | D:2      | Killed Sigmund
  2182 | D:2      | Reached skill level 3 in Stealth
  2182 | D:2      | Reached XP level 5. HP: 25/34 MP: 4/10
  2211 | D:2      | Reached skill level 4 in Stealth
  2211 | D:2      | Reached XP level 6. HP: 31/39 MP: 0/11
  2220 | D:2      | Noticed Terence
  2254 | D:2      | Killed Terence
  2898 | D:3      | Found a faded altar of an unknown god.
  2950 | D:3      | Found a glowing silver altar of Zin.
  3586 | D:4      | Reached skill level 5 in Stealth
  3625 | D:4      | Reached XP level 7. HP: 45/45 MP: 1/13
  3680 | D:4      | Found a sand-covered staircase.
  3688 | Ossuary  | Entered an ossuary
  3761 | Ossuary  | Killed from afar by a hobgoblin zombie

Skill      XL: |  1  2  3  4  5  6  7 |
---------------+----------------------+-----
Fighting       | 1 2 |  2.0
Conjurations   | 2 |  2.3
Poison Magic   | 1 2 3 |  3.1
Stealth        | 3 4 5 |  5.4
Air Magic      | 2 |  2.2
Spellcasting   | 4 |  4.0
Dodging        | 3 |  3.0
Summonings     | |  1.0
Translocations | |  1.0

Action                   |  1- 3 |  4- 6 |  7- 9 || total
-------------------------+-------+-------+-------++-------
Melee: Spear             |   113 |    57 |       ||   170
       Unarmed           |     3 |     3 |       ||     6
       Constrict         |    22 |    30 |       ||    52
       Tentacles         |    11 |    15 |       ||    26
       Short sword       |     5 |    93 |       ||    98
 Fire: Hunting sling     |       |     7 |    21 ||    28
 Cast: Magic Dart        |     9 |    13 |       ||    22
       Call Imp          |     7 |    19 |     5 ||    31
       Mephitic Cloud    |       |     7 |       ||     7
       Blink             |       |     2 |     1 ||     3
  Use: Scroll            |       |       |     1 ||     1
 Stab: Sleeping          |     9 |     9 |       ||    18
       Confused          |       |     3 |       ||     3
  Eat: Chunk             |     3 |     7 |       ||    10
Armor: Skin              |    14 |    15 |     2 ||    31
Dodge: Dodged            |    54 |    98 |    11 ||   163
